 Dungeon Crawl Stone Soup version 0.27-a0-1245-g940ed4fa31 (webtiles) character file.

Game seed: 6012996289955615589

5098 deletemesenpai the Cleaver (level 10, -4/86 HPs)
             Began as a Hill Orc Fighter on June 9, 2021.
             Was a Priest of Beogh.
             Killed from afar by a tengu conjurer (22 damage)
             ... with a bolt of lightning
             ... on level 10 of the Dungeon.
             The game lasted 00:45:02 (11525 turns).

deletemesenpai the Cleaver (Hill Orc Fighter)      Turns: 11525, Time: 00:45:03

Health: -4/86      AC: 15    Str: 21    XL:     10   Next: 57%
Magic:  12/12      EV:  5    Int:  8    God:    Beogh [***...]
Gold:   455        SH: 13    Dex: 18    Spells: 9/9 levels left

rFire    . . .     SeeInvis .   i - +2 hand axe (elec)
rCold    . . .     Faith    .   c - +1 kite shield
rNeg     . . .     Spirit   .   d - +0 plate armour
rPois    .         Reflect  .   (no helmet)
rElec    .         Harm     .   (no cloak)
rCorr    +         Rampage  .   (no gloves)
Will     .....                  k - +0 pair of boots
Stlth    ..........             (no amulet)
HPRegen  0.24/turn              j - ring of resist corrosion
MPRegen  0.13/turn              f - +6 ring of dexterity

@: no status effects
A: no striking features
a: Renounce Religion, Smiting


You were on level 10 of the Dungeon.
You worshipped Beogh.
Beogh was most pleased with you.
You visited 1 branch of the dungeon, and saw 10 of its levels.

You collected 455 gold pieces.

Inventory:

Hand Weapons
 a - a +1 war axe
 b - a +0 battleaxe
 i - a +2 hand axe of electrocution (weapon)
 n - the +10 spear "Wivorec" {drain, rF++ Int+4 Dex-3}
   (You took it off a gnoll shaman on level 8 of the Dungeon)

   A truly terrible weapon, it drains the life of those it strikes.
   It affects your intelligence (+4).
   It affects your dexterity (-3).
   It greatly protects you from fire.
 p - a +3 whip of electrocution
 u - a +4 dagger
 x - the +6 falchion "Tattletale" {antimagic, rPois Int+2}
   (You found it on level 9 of the Dungeon)

   It reduces the magical energy of the wielder, and disrupts the spells and
   magical abilities of those hit.
   Natural abilities and divine invocations are not affected.
   It affects your intelligence (+2).
   It protects you from poison.
Missiles
 l - 6 atropa-tipped darts (quivered)
Armour
 c - a +1 kite shield (worn)
 d - a +0 plate armour (worn)
 k - a +0 pair of boots (worn)
 v - a +1 robe of positive energy
 y - +0 acid dragon scales
 C - a +0 troll leather armour
Jewellery
 f - a +6 ring of dexterity (right hand)
 h - a ring of protection from cold
 j - a ring of resist corrosion (left hand)
 r - a +4 ring of evasion
 t - a ring of wizardry
 B - a ring of protection from cold
Wands
 A - a wand of paralysis (7)
Scrolls
 q - a scroll of noise
 s - a scroll of acquirement {unknown}
 z - a scroll of fog {unknown}
Potions
 e - a potion of lignification {unknown}
 g - a potion of attraction {unknown}
 m - a potion of brilliance {unknown}
 o - a potion of berserk rage
 w - a potion of curing


   Skills:
 + Level 7.6 Fighting
 + Level 11.4(11.7) Axes
 + Level 3.0(6.9) Polearms
 + Level 0.1 Throwing
 + Level 8.2 Armour
 * Level 9.5 Shields
 - Level 3.0 Invocations


You had 9 spell levels left.
You didn't know any spells.
Your spell library contained the following spells:

 Spells                   Type           Power      Damage    Failure   Level
 Apportation              Tloc           0%         N/A       100%        1
 Shock                    Conj/Air       0%         1d3       100%        1
 Static Discharge         Conj/Air       0%         N/A       100%        2
 Lesser Beckoning         Tloc           0%         N/A       100%        3
 Swiftness                Air            0%         N/A       100%        3
 Tukima's Dance           Hex            0%         N/A       100%        3
 Airstrike                Air            0%         N/A       100%        4
 Alistair's Intoxication  Tmut/Pois      0%         N/A       100%        5
 Lightning Bolt           Conj/Air       0%         1d11      100%        5
 Invisibility             Hex            0%         N/A       100%        6


Dungeon Overview and Level Annotations

Branches:
Dungeon (10/15)            Temple (0/1) D:5            Lair (0/6) D:8
    Orc: D:9-12

Altars:
Makhleb
Nemelex Xobeh
Sif Muna
Xom
The Shining One

Shops:
D:5 (   D:8 :


Message History

The tengu conjurer is severely wounded.
You hit something. Lightning courses through something! Something hits you!
The tengu conjurer completely misses you.
You block the tengu conjurer's attack. x2
You block something's attack. You block something's attack.
Something hits you but does no damage. Something hits you.
The tengu conjurer gestures wildly while chanting.
The tengu conjurer blinks!
Okay, then.
Something hits you but does no damage.
You hit the two-headed ogre but do no damage.
You hit something. Lightning courses through something!!
Beogh accepts your kill.
Reactivating autopickup.
You feel a bit more experienced.
The two-headed ogre hits you with a +0 giant club!!
The two-headed ogre hits you with a +0 giant club!
* * * LOW HITPOINT WARNING * * *
Your base Polearms skill increases to level 3!
Unknown command.
A centaur comes into view.
The centaur shouts!
The centaur wields a +0 shortbow.
The centaur shoots an arrow.
You block the arrow.
The centaur shoots an arrow.
You block the arrow.
The centaur shoots an arrow.
The arrow barely misses you.
You feel better.
The tengu conjurer casts a spell.
The tengu conjurer blinks!
The centaur shoots an arrow.
You block the arrow.
The centaur shoots an arrow.
You block the arrow.
The centaur shoots an arrow.
The arrow hits you!
* * * LOW HITPOINT WARNING * * *
The centaur shoots an arrow.
The arrow hits you.
* * * LOW HITPOINT WARNING * * *
The centaur shoots an arrow.
You block the arrow.
The centaur shoots an arrow.
The arrow barely misses you.
The tengu conjurer casts a spell at you.
The bolt of lightning hits you!!
You die...

.....)....#
...Q).....####.......#
.....................#
.........?...........
.....Z...#####......
.........# #.....
....###Q.# #.... ....
#..# #...# .... #..#
#..@# ##. #.*# #c..#
#..# #..O# #..# #...#
#..#####.*Q#
#..........#
#.....Q....#
#..#####...# #..#
#...#


You could see a two-headed ogre, 2 tengu conjurers, a centaur and a
battlesphere.

Vanquished Creatures
  The ghost of ArcanElement the Covered, a novice HuFi (D:5)
  An unseen horror (D:10)
  Grinder (D:6)
  Sigmund (D:3)
  A wyvern (D:9)
  An acid dragon (D:9)
  2 water moccasins
  An ice beast (D:6)
  A sky beast (D:7)
  3 orc warriors
  An ogre (D:7)
  2 necrophages
  6 centaurs
  2 bullfrogs
  3 scorpions
  A gnoll sergeant (D:6)
  4 bullfrog zombies
  A centaur zombie (D:7)
  7 orc priests
  A centaur skeleton (D:7)
  A gnoll shaman (D:8)
  2 hounds
  3 jellies
  3 bullfrog skeletons
  Jessica (D:3)
  14 orc wizards
  A scorpion zombie (D:5)
  An iguana (D:5)
  A hound skeleton (D:5)
  A howler monkey zombie (D:9)
  8 adders
  12 gnolls
  2 worms (D:5)
  32 orcs
  4 endoplasms
  4 giant cockroaches
  A goblin (D:1)
  5 hobgoblins
  7 jackals
  3 quokkas (D:1)
  4 ball pythons
  7 bats
  2 frilled lizards
  8 kobolds
  5 rats
173 creatures vanquished.

Vanquished Creatures (collateral kills)
  The ghost of mandarbmax the Arsonist, a novice NaFE of Cheibriados (D:9)
  A troll (D:9)
  2 orc wizards (D:9)
  A howler monkey zombie (D:9)
  An orc (D:8)
6 creatures vanquished.

Vanquished Creatures (others)
  An orc sorcerer (D:10)
  3 orcs
  2 fungi (D:8)
  3 plants (D:8)
9 creatures vanquished.

Grand Total: 188 creatures vanquished

Notes
Turn   | Place    | Note
-------+----------+-------------------------------------------
     0 | D:1      | deletemesenpai the Hill Orc Fighter began the quest for the
                  | Orb.
     0 | D:1      | Reached XP level 1. HP: 19/19 MP: 1/1
   345 | D:1      | Reached XP level 2. HP: 21/27 MP: 2/2
   853 | D:1      | Found a faded altar of an unknown god.
  1144 | D:2      | Reached skill level 3 in Axes
  1330 | D:2      | Became a worshipper of Beogh the Brigand
  1582 | D:2      | Reached XP level 3. HP: 33/33 MP: 3/3
  1877 | D:3      | Noticed Sigmund
  2191 | D:3      | Killed Sigmund
  2192 | D:3      | Reached skill level 5 in Axes
  2192 | D:3      | Reached XP level 4. HP: 33/41 MP: 4/4
  2192 | D:3      | Reached XP level 5. HP: 38/47 MP: 5/5
  2399 | D:3      | Reached XP level 6. HP: 44/53 MP: 6/6
  2840 | D:3      | Reached skill level 6 in Axes
  2867 | D:3      | Noticed Jessica
  2869 | D:3      | Killed Jessica
  2952 | D:3      | Reached * piety under Beogh
  3692 | D:4      | Reached XP level 7. HP: 57/60 MP: 7/7
  4096 | D:5      | Entered Level 5 of the Dungeon
  4111 | D:5      | Reached skill level 7 in Axes
  4188 | D:5      | Found a shimmering blue altar of Sif Muna.
  4211 | D:5      | Reached skill level 5 in Fighting
  4211 | D:5      | Reached skill level 5 in Armour
  4785 | D:5      | Reached skill level 5 in Shields
  5172 | D:5      | Found a staircase to the Ecumenical Temple.
  5181 | D:5      | Found a runed translucent door.
  5196 | D:5      | Found a glowing golden altar of the Shining One.
  5218 | D:5      | Reached skill level 8 in Axes
  5226 | D:5      | Reached XP level 8. HP: 30/68 MP: 8/8
  5708 | D:5      | Found Heune's Weapon Shop.
  5729 | D:5      | Noticed ArcanElement's ghost (novice HuFi)
  5749 | D:5      | Killed ArcanElement's ghost
  5750 | D:5      | Reached skill level 9 in Axes
  5935 | D:6      | Noticed Grinder
  5940 | D:6      | Paralysed by Grinder for 7 turns
  5956 | D:6      | Paralysed by Grinder for 4 turns
  5967 | D:6      | Paralysed by Grinder for 6 turns
  5977 | D:6      | Paralysed by Grinder for 7 turns
  5989 | D:6      | Killed Grinder
  6150 | D:6      | Found a sand-covered staircase.
  6288 | D:6      | Reached XP level 9. HP: 46/77 MP: 9/9
  6519 | D:6      | Reached skill level 10 in Axes
  7851 | D:7      | Reached ** piety under Beogh
  8766 | D:7      | Reached skill level 1 in Invocations
  9522 | D:8      | Reached skill level 11 in Axes
  9528 | D:8      | Reached XP level 10. HP: 43/86 MP: 11/11
  9763 | D:8      | Identified the +10 spear "Wivorec" {drain, rF++ Int+4
                  | Dex-3}
  9764 | D:8      | Found a staircase to the Lair.
  9774 | D:8      | Reached *** piety under Beogh
  9979 | D:8      | Found a burning altar of Makhleb.
  9979 | D:8      | Found a faded altar of an unknown god.
  9987 | D:8      | Found a shimmering altar of Xom.
  9989 | D:8      | Found a faded altar of an unknown god.
  9991 | D:8      | Found a sparkling altar of Nemelex Xobeh.
 10069 | D:8      | Found Geugosaw's Book Emporium.
 10472 | D:9      | Identified the +6 falchion "Tattletale" {antimagic, rPois
                  | Int+2}
 10781 | D:9      | Found a runed translucent door.
 10781 | D:9      | Noticed mandarbmax's ghost (novice NaFE)
 10949 | D:9      | Reached skill level 1 in Polearms
 11453 | D:9      | Killed mandarbmax's ghost
 11493 | D:10     | Entered Level 10 of the Dungeon
 11493 | D:10     | Noticed a two-headed ogre
 11510 | D:10     | Killed an unseen horror
 11525 | D:10     | Killed from afar by a tengu conjurer

Illustrated notes

Levels and vault maps discovered:
D:1:      matt_arrival_grand_opening, layout_loops_ring,
          shapermc_ecumenical_altar_mp_vishouse, chequers_serial_rivers_micro_d,
          grunt_decor_resistance
D:2:      layout_basic
D:3:      layout_loops_ring, minmay_quadrilaterals, uniq_sigmund, uniq_jessica
D:4:      layout_basic, nrook_mini_vaults, grunt_ministairs_10,
          minmay_misc_feat_encased
D:5:      layout_rooms, old_standard_altar, temple_pool_b, serial_shops,
          kennysheep_mini_moat, ebering_ghost_reflecting_pool, st_stairs_2,
          minmay_ruined_shrine
D:6:      layout_rooms, enter_ossuary_5, minivault_11, uniq_grinder
D:7:      layout_basic, item_on_display_a
D:8:      layout_cave_pools, chequers_temple_overflow_minitemple,
          dpeg_oklobed_lair, serial_shops, shop
D:9:      layout_long_grid, gammafunk_ghost_grave, chequers_serial_rivers_marsh,
          minmay_door_square
D:10:     layout_long_grid

Skill      XL: |  1  2  3  4  5  6  7  8  9 10 |
---------------+-------------------------------+-----
Axes           | 3 5 6 8 9 11 | 11.4
Fighting       | 4 5 6 7 |  7.6
Armour         | 4 5 6 7 8 |  8.2
Shields        | 4 5 6 8 9 |  9.5
Invocations    | 2 3 |  3.0
Polearms       | 3 |  3.0
Throwing       | |  0.1

Action                   |  1- 3 |  4- 6 |  7- 9 | 10-12 || total
-------------------------+-------+-------+-------+-------++-------
Melee: War axe           |    94 |    85 |   382 |    11 ||   572
       Whip              |       |       |    13 |       ||    13
       Spear             |       |       |       |    73 ||    73
       Hand axe          |       |       |       |     3 ||     3
Throw: Boomerang         |       |       |       |     2 ||     2
Invok: Convert to Beogh  |     1 |       |       |       ||     1
  Use: Scroll            |     3 |       |     8 |       ||    11
       Potion            |     1 |       |     7 |     2 ||    10
 Stab: Distracted        |       |       |       |     4 ||     4
       Confused          |       |       |       |     4 ||     4
Armor: Scale mail        |    36 |       |       |       ||    36
       Chain mail        |    46 |    18 |       |       ||    64
       Plate armour      |       |    38 |   303 |    47 ||   388
Dodge: Dodged            |    28 |     8 |    76 |    15 ||   127
Block: Kite shield       |    73 |    51 |   316 |    49 ||   489

Table legend: (Time is in decaauts)
 A = Elapsed time spent in this place.
 B = Non-inter-level travel time spent in this place.
 C = Inter-level travel time spent in this place.
 D = Time resting spent in this place.
 E = Time spent auto-exploring this place.
 F = Levels seen in this place.
 G = Mean time per level.
                   A        B        C        D        E       F      G
               +--------+--------+--------+--------+--------+-----+--------+
         Total |  11691 |  11543 |    148 |   3906 |   4976 |  10 | 1169.1 |
       Dungeon |  11691 |  11543 |    148 |   3906 |   4976 |  10 | 1169.1 |
               +--------+--------+--------+--------+--------+-----+--------+

Top non-repeatable levels by time:
     D:5: 2059 daAuts
     D:7: 1907 daAuts
     D:1: 1412 daAuts
     D:6: 1189 daAuts
     D:3: 1144 daAuts
     D:4: 1129 daAuts
     D:9: 1051 daAuts
     D:8: 994 daAuts
     D:2: 772 daAuts
    D:10: 30 daAuts
